RedWings vs Stars

Created - Tuesday, March 01, 2016 at 03:10

Goals
1 2 3 T
RedWings 7 1 3 11
Stars 2 3 1 6
Shots
1 2 3 T
RedWings 21 7 15 43
Stars 12 14 9 35

1st period

1. RedWings , Andrew Shaw 5 (Olli Jokinen, Eric Gryba) at 6:40
2. RedWings , Eric Gryba 5 (Paul Postma, Ryan White) at 10:23
3. RedWings , Aaron Ekblad 14 (Andrew Shaw, Olli Jokinen) at 10:37 (PP)
4. Stars , Jonathan Drouin 6 (John Moore, Mike Richards) at 10:53
5. RedWings , Olli Jokinen 6 (Andrew Shaw, Joe Colborne) at 11:11
6. Stars , John Moore 5 (Casey Cizikas, Justin Peters) at 13:05 (PP)
7. RedWings , Joe Colborne 8 (Andrew Shaw, Olli Jokinen) at 14:12 (PP)
8. RedWings , Devante Smith-Pelly 5 (Ryan White, TJ Galiardi) at 16:59
9. RedWings , Mark Letestu 13 (Aaron Ekblad, Mike Santorelli) at 19:00 (PP)

Penalties :
Mike Richards (Dal) for Roughing (Minor) at 6:57, Mike Richards (Dal) for Tripping (Minor) at 10:32, Andrew Shaw (Det) for Diving (Minor) at 12:06, Jamie Oleksiak (Dal) for Interference (Minor) at 13:48, Matt Tennyson (Dal) for Boarding (Minor) at 18:42

2nd period

10. Stars , Alexander Wennberg 16 (Daniel Paille, Cory Conacher) at 1:59
11. RedWings , Mike Santorelli 4 (Bryan Bickell, Aaron Ekblad) at 3:39
12. Stars , Devin Setoguchi 11 (Mike Richards, Jamie Oleksiak) at 14:13
13. Stars , Mike Richards 13 (Devin Setoguchi, Alex Petrovic) at 17:50

Penalties :
Derek Forbort (Det) for Hooking (Minor) at 4:11, Derek Forbort (Det) for Roughing (Minor) at 7:48, Mark Letestu (Det) for Hooking (Minor) at 10:24, Alex Petrovic (Dal) for Tripping (Minor) at 11:17

3rd period

14. RedWings , Aaron Ekblad 15 (Mike Santorelli, Eric Gryba) at 0:20
15. RedWings , Andrew Shaw 6 (Joe Colborne, Aaron Ekblad) at 4:37 (PP)
16. RedWings , Eric Gryba 6 (Aaron Ekblad) at 9:29 (PP)
17. Stars , Devin Setoguchi 12 (Casey Cizikas) at 14:21 (PP)

Penalties :
Alex Petrovic (Dal) for Roughing (Double Minor) at 2:15, Alex Petrovic (Dal) for Fighting (Major) at 4:51, Steve Downie (Det) for Fighting (Major) at 4:51, Mike Richards (Dal) for Fighting (Major) at 5:45, Mark Pysyk (Det) for Fighting (Major) at 5:45, John Moore (Dal) for Holding (Minor) at 9:06, John Moore (Dal) for Fighting (Major) at 14:13, Eric Gryba (Det) for Fighting (Major) at 14:13, Eric Gryba (Det) for instigated a fight (Minor) at 14:13, Eric Gryba (Det) for instigated a fight (10 Minutes Misconduct) at 14:13

Goalie Stats

Ben Scrivens (Det), 29 saves from 35 shots - (0.829), W, 3-8-0, 60:00 minutes
Tom McCollum (Dal), 28 saves from 35 shots - (0.800), 47:32 minutes
Justin Peters (Dal), 4 saves from 8 shots - (0.500), L, 0-13-1, 12:28 minutes

Players Stats for RedWings

Player Name              G  A  P  +/- PIM S  H  SB GA TA FO     MP     PP MP  PK MP  
------------------------------------------------------------------------------------
Aaron Ekblad             2  4  6   3  0   4  2  1  1  0  0/0    28:20   3:35   2:59 
Andrew Shaw              2  3  5   0  2   6  2  2  6  0  3/4    23:05   3:23   3:35 
Bryan Bickell            0  1  1   2  0   2  3  0  1  0  0/0    16:13   2:45   0:00 
Chris VandeVelde         0  0  0  -2  0   1  0  0  1  0  5/8    11:19   0:16   0:00 
Derek Forbort            0  0  0   0  4   0  2  0  0  0  0/0    15:16   0:00   0:00 
Devante Smith-Pelly      1  0  1   2  0   2  0  1  0  0  0/1     7:17   0:00   0:00 
Eric Gryba               2  2  4   3  17  5  3  4  2  3  0/0    25:45   3:35   2:51 
Jamie McGinn             0  0  0  -2  0   0  1  0  3  0  1/1    11:29   0:16   0:10 
Joe Colborne             1  2  3   0  0   4  1  1  0  0  0/1    20:08   3:23   1:24 
Mark Letestu             1  0  1   2  2   3  1  0  2  0  12/18  17:41   3:01   0:31 
Mark Pysyk               0  0  0  -1  5   0  1  0  0  1  0/0    19:34   2:49   2:59 
Matt Taormina            0  0  0   0  0   2  0  0  0  1  0/0    10:32   0:00   0:08 
Mike Santorelli          1  2  3   2  0   5  0  0  3  1  0/0    16:13   2:45   0:00 
Olli Jokinen             1  3  4   0  0   3  1  2  0  1  18/31  23:03   3:23   4:34 
Paul Postma              0  1  1  -1  0   1  1  3  0  0  0/0    21:34   2:49   2:59 
Ryan White               0  2  2   2  0   3  3  0  1  0  3/4     7:17   0:00   0:00 
Steve Downie             0  0  0  -2  5   1  2  0  0  0  0/2    10:33   0:00   1:39 
TJ Galiardi              0  1  1   2  0   1  0  0  0  0  0/0     7:20   0:00   0:03 

Players Stats for Stars

Player Name              G  A  P  +/- PIM S  H  SB GA TA FO     MP     PP MP  PK MP  
------------------------------------------------------------------------------------
Aaron Johnson            0  0  0   0  0   0  1  1  0  0  0/0     9:30   0:00   0:24 
Alex Petrovic            0  1  1  -1  11  1  0  2  0  0  0/0    14:07   2:23   0:42 
Alexander Wennberg       1  0  1  -3  0   3  2  1  1  3  9/15   16:41   0:00   0:49 
Alexandre Burrows        0  0  0   0  0   2  0  0  0  0  0/1     8:56   0:00   0:00 
Brett Ritchie            0  0  0   0  0   2  3  1  1  0  2/10   24:34   3:31   3:49 
Casey Cizikas            0  2  2   0  0   3  3  2  1  0  7/8    18:02   3:31   2:21 
Cory Conacher            0  1  1  -3  0   1  2  0  0  0  0/0     8:08   0:00   0:02 
Daniel Paille            0  1  1  -3  0   1  2  1  1  1  0/2    19:56   2:27   1:30 
Devin Setoguchi          2  1  3   0  0   4  2  1  2  1  3/17   17:45   3:31   0:00 
Erik Haula               0  0  0   0  0   2  1  2  1  0  3/10   23:08   2:27   4:01 
Jamie Oleksiak           0  1  1  -2  2   1  3  5  0  3  0/0    30:28   3:34   4:25 
John Moore               1  1  2  -2  7   2  0  1  0  2  0/0    17:37   3:26   0:00 
Jonathan Drouin          1  0  1   1  0   2  0  0  1  0  0/0     6:36   0:00   0:00 
Manny Malhotra           0  0  0   1  0   3  0  0  0  1  1/2     6:36   0:00   0:00 
Matt Tennyson            0  0  0  -1  2   0  1  0  0  1  0/0    19:20   2:24   1:58 
Mike Richards            1  2  3   1  9   4  2  0  6  2  3/5    21:29   2:27   0:16 
Patrik Nemeth            0  0  0   1  0   2  0  0  1  0  0/0    10:07   0:00   0:00 
Ryan Wilson              0  0  0   1  0   2  0  1  0  0  0/0    19:10   0:08   5:19 

3 Stars

1 - Aaron Ekblad (Det)
2 - Andrew Shaw (Det)
3 - Devin Setoguchi (Dal)

Power Play

RedWings - 5 on 8 Attempt(s) - 62.50%
Stars - 2 on 5 Attempt(s) - 40.00%

Penalty Kill

RedWings - 3 on 5 Attempt(s) - 60.00% - Score 0 goal in Penalty Kill
Stars - 3 on 8 Attempt(s) - 37.50% - Score 0 goal in Penalty Kill

Team Stat

RedWings - Hits : 23 - Faceoff Wins : 42 - Blocked Shots : 14 - Penalty Minutes : 35
Stars - Hits : 22 - Faceoff Wins : 28 - Blocked Shots : 18 - Penalty Minutes : 31

Official

Referees : Unknown
Linesman : Unknown

Game Notes

10:53 of 1st period - Stars goal is going for a video replay. After video review, Goal.
Justin Peters enters game at 11:11 of 1st period
Tom McCollum enters game at 3:39 of 2nd period
Cory Conacher is injured at 13:47 of 2nd period (Strained Left Knee)
Steve Downie beats up Alex Petrovic at 4:51 of 3rd period
Mike Richards beats up Mark Pysyk at 5:45 of 3rd period
Alex Petrovic is injured at 13:58 of 3rd period (Sprained Left Knee)
Eric Gryba beats up John Moore at 14:13 of 3rd period

Finance

Level 1 -- Attendance: 3820 (63.67%) -- Ticket Income $382,000
Level 2 -- Attendance: 3747 (74.94%) -- Ticket Income $224,820
Level 3 -- Attendance: 1291 (64.55%) -- Ticket Income $45,185
Level 4 -- Attendance: 2798 (69.95%) -- Ticket Income $55,960
Luxury Box -- Attendance: 782 (78.20%) -- Ticket Income $156,400
Game was played at the American Airlines Arena.
Total Attendance: 12438 (69.10%)
Total Ticket Income: $864,365
Other Income: $423,539
Total Income: $1,287,904

RedWings

5 vs 5 Forward 
   Center                   Left Wing                Right Wing               Time % Phy DF OF 
 1 Olli Jokinen             Joe Colborne             Andrew Shaw              35     1   2  2  
 2 Mark Letestu             Bryan Bickell            Mike Santorelli          30     1   2  2  
 3 Chris VandeVelde         Jamie McGinn             Steve Downie             22     1   2  2  
 4 Ryan White               TJ Galiardi              Devante Smith-Pelly      13     1   2  2  

5 vs 5 Defense 
   Defense                  Defense                                           Time % Phy DF OF 
 1 Eric Gryba               Aaron Ekblad                                      35     1   2  2  
 2 Paul Postma              Mark Pysyk                                        30     1   2  2  
 3 Derek Forbort            Matt Taormina                                     22     1   2  2  
 4 Eric Gryba               Aaron Ekblad                                      13     1   2  2  

PowerPlay Forward 
   Center                   Left Wing                Right Wing               Time % Phy DF OF 
 1 Olli Jokinen             Joe Colborne             Andrew Shaw              60     1   2  2  
 2 Mark Letestu             Bryan Bickell            Mike Santorelli          40     1   2  2  

PowerPlay Defense
   Defense                  Defense                                           Time % Phy DF OF 
 1 Eric Gryba               Aaron Ekblad                                      60     1   2  2  
 2 Paul Postma              Mark Pysyk                                        40     1   2  2  

Penalty Kill 4 Players Forward 
   Center                   Wing                     Time % Phy DF OF 
 1 Olli Jokinen             Andrew Shaw              60     1   2  2  
 2 Mark Letestu             Joe Colborne             40     1   2  2  

Penalty Kill 4 Players Defense
   Defense                  Defense                  Time % Phy DF OF 
 1 Eric Gryba               Aaron Ekblad             60     1   2  2  
 2 Paul Postma              Mark Pysyk               40     1   2  2  

Penalty Kill - 3 Players Forward 
   Forward                                           Time % Phy DF OF 
 1 Olli Jokinen                                      60     1   2  2  
 2 Andrew Shaw                                       40     1   2  2  

Penalty Kill - 3 Players Defense
   Defense                  Defense                  Time % Phy DF OF 
 1 Eric Gryba               Matt Taormina            60     1   2  2  
 2 Paul Postma              Mark Pysyk               40     1   2  2  

4 vs 4 Forward 
   Center                   Wing                     Time % Phy DF OF 
 1 Olli Jokinen             Andrew Shaw              60     1   2  2  
 2 Mark Letestu             Joe Colborne             40     1   2  2  

4 vs 4 Defense
   Defense                  Defense                  Time % Phy DF OF 
 1 Eric Gryba               Derek Forbort            60     1   2  2  
 2 Paul Postma              Mark Pysyk               40     1   2  2  

Last Minutes Offensive
   Center                   Left Wing                Right Wing               Defense                  Defense                  
   Olli Jokinen             Joe Colborne             Andrew Shaw              Eric Gryba               Aaron Ekblad             

Last Minutes Defensive
   Center                   Left Wing                Right Wing               Defense                  Defense                  
   Olli Jokinen             Joe Colborne             Andrew Shaw              Eric Gryba               Aaron Ekblad             

Goaltenders
Starting : Ben Scrivens             
Backup : Jack Campbell            

Extra Forwards
Normal : Jamie McGinn, Chris VandeVelde, Steve Downie - PP : Jamie McGinn, Chris VandeVelde - PK : Steve Downie
Extra Defensemen
Normal : Derek Forbort, Matt Taormina, Paul Postma - PP : Derek Forbort - PK : Matt Taormina, Paul Postma
Penalty Shots
Olli Jokinen, Andrew Shaw, Mark Letestu, Joe Colborne, Bryan Bickell

Stars

5 vs 5 Forward 
   Center                   Left Wing                Right Wing               Time % Phy DF OF 
 1 Devin Setoguchi          Mike Richards            Brett Ritchie            35     1   2  2  
 2 Alexander Wennberg       Daniel Paille            Cory Conacher            30     1   2  2  
 3 Casey Cizikas            Erik Haula               Alexandre Burrows        22     1   2  2  
 4 Mike Richards            Manny Malhotra           Jonathan Drouin          13     1   2  2  

5 vs 5 Defense 
   Defense                  Defense                                           Time % Phy DF OF 
 1 Jamie Oleksiak           John Moore                                        35     1   2  2  
 2 Alex Petrovic            Matt Tennyson                                     30     1   2  2  
 3 Ryan Wilson              Patrik Nemeth                                     22     1   2  2  
 4 Aaron Johnson            Jamie Oleksiak                                    13     1   2  2  

PowerPlay Forward 
   Center                   Left Wing                Right Wing               Time % Phy DF OF 
 1 Brett Ritchie            Casey Cizikas            Devin Setoguchi          60     1   2  2  
 2 Erik Haula               Daniel Paille            Mike Richards            40     1   2  2  

PowerPlay Defense
   Defense                  Defense                                           Time % Phy DF OF 
 1 Jamie Oleksiak           John Moore                                        60     1   2  2  
 2 Alex Petrovic            Matt Tennyson                                     40     1   2  2  

Penalty Kill 4 Players Forward 
   Center                   Wing                     Time % Phy DF OF 
 1 Erik Haula               Brett Ritchie            60     1   2  2  
 2 Mike Richards            Casey Cizikas            40     1   2  2  

Penalty Kill 4 Players Defense
   Defense                  Defense                  Time % Phy DF OF 
 1 Jamie Oleksiak           Ryan Wilson              60     1   2  2  
 2 Alex Petrovic            Matt Tennyson            40     1   2  2  

Penalty Kill - 3 Players Forward 
   Forward                                           Time % Phy DF OF 
 1 Casey Cizikas                                     60     1   2  2  
 2 Brett Ritchie                                     40     1   2  2  

Penalty Kill - 3 Players Defense
   Defense                  Defense                  Time % Phy DF OF 
 1 Jamie Oleksiak           John Moore               60     1   2  2  
 2 Alex Petrovic            Matt Tennyson            40     1   2  2  

4 vs 4 Forward 
   Center                   Wing                     Time % Phy DF OF 
 1 Brett Ritchie            Erik Haula               60     1   2  2  
 2 Mike Richards            Casey Cizikas            40     1   2  2  

4 vs 4 Defense
   Defense                  Defense                  Time % Phy DF OF 
 1 Jamie Oleksiak           Aaron Johnson            60     1   2  2  
 2 Alex Petrovic            Matt Tennyson            40     1   2  2  

Last Minutes Offensive
   Center                   Left Wing                Right Wing               Defense                  Defense                  
   Devin Setoguchi          Mike Richards            Brett Ritchie            Jamie Oleksiak           John Moore               

Last Minutes Defensive
   Center                   Left Wing                Right Wing               Defense                  Defense                  
   Devin Setoguchi          Mike Richards            Brett Ritchie            Jamie Oleksiak           John Moore               

Goaltenders
Starting : Tom McCollum             
Backup : Justin Peters            

Extra Forwards
Normal : Erik Haula, Casey Cizikas, Brett Ritchie - PP : Erik Haula, Brett Ritchie - PK : Erik Haula
Extra Defensemen
Normal : Ryan Wilson, Jamie Oleksiak, Aaron Johnson - PP : Ryan Wilson - PK : Jamie Oleksiak, Aaron Johnson
Penalty Shots
Daniel Paille, Erik Haula, Brett Ritchie, Casey Cizikas, Mike Richards

% Time on Ice - RedWings

Lines # - Real PCT - Wanted PCT - Time Play
Normal Forward
1 - 32% - 35% - 15:07
2 - 30% - 30% - 14:10
3 - 21% - 22% - 9:57
4 - 16% - 13% - 7:18
Normal Defense
1 - 36% - 35% - 16:57
2 - 33% - 30% - 15:15
3 - 20% - 22% - 9:31
4 - 10% - 13% - 4:49
PP Forward
1 - 57% - 60% - 3:39
2 - 43% - 40% - 2:45
PP Defense
1 - 56% - 60% - 3:35
2 - 44% - 40% - 2:49
PK Forward
1 - 77% - 60% - 4:34
2 - 23% - 40% - 1:24
PK Defense
1 - 50% - 60% - 2:59
2 - 50% - 40% - 2:59
PK3 Forward
1 - 0% - 60%
2 - 0% - 40%
PK3 Defense
1 - 0% - 60%
2 - 0% - 40%
44 Forward
1 - 100% - 60% - 1:06
2 - 0% - 40% - 0:00
44 Defense
1 - 53% - 60% - 0:35
2 - 47% - 40% - 0:31
Last Minute Offensive  - 0:00
Last Minute Defensive  - 0:00
Total
Forward - 60:00
Defense - 60:00

% Time on Ice - Stars

Lines # - Real PCT - Wanted PCT - Time Play
Normal Forward
1 - 33% - 35% - 15:21
2 - 34% - 30% - 15:39
3 - 19% - 22% - 8:56
4 - 14% - 13% - 6:36
Normal Defense
1 - 36% - 35% - 16:56
2 - 32% - 30% - 14:41
3 - 22% - 22% - 10:07
4 - 10% - 13% - 4:48
PP Forward
1 - 59% - 60% - 3:31
2 - 41% - 40% - 2:27
PP Defense
1 - 60% - 60% - 3:34
2 - 40% - 40% - 2:24
PK Forward
1 - 84% - 60% - 5:21
2 - 16% - 40% - 1:03
PK Defense
1 - 69% - 60% - 4:26
2 - 31% - 40% - 1:58
PK3 Forward
1 - 0% - 60%
2 - 0% - 40%
PK3 Defense
1 - 0% - 60%
2 - 0% - 40%
44 Forward
1 - 100% - 60% - 1:06
2 - 0% - 40% - 0:00
44 Defense
1 - 70% - 60% - 0:46
2 - 30% - 40% - 0:20
Last Minute Offensive  - 0:00
Last Minute Defensive  - 0:00
Total
Forward - 60:00
Defense - 60:00

Play by Play

1st period


0:01 of 1st period - Olli Jokinen wins face-off versus Brett Ritchie in neutral zone.
0:46 of 1st period - Cory Conacher is hit by Andrew Shaw and loses puck.
0:59 of 1st period - Mark Letestu is hit by Jamie Oleksiak and loses puck.
1:14 of 1st period - Wrist shot by Mark Letestu.
1:14 of 1st period - Shot Misses the Net.
1:16 of 1st period - Slapshot by Mark Letestu.
1:16 of 1st period - Deflect By Mike Santorelli.
1:16 of 1st period - Stopped by Tom McCollum with a rebound.
1:18 of 1st period - Snap shot by Bryan Bickell.
1:18 of 1st period - Stopped by Tom McCollum with a rebound.
1:20 of 1st period - Snap shot by Mark Letestu.
1:20 of 1st period - Stopped by Tom McCollum without a rebound.
1:21 of 1st period - Chris VandeVelde wins face-off versus Casey Cizikas in Stars zone.
1:24 of 1st period - Backhand shot by Steve Downie.
1:24 of 1st period - Stopped by Tom McCollum with a rebound.
1:46 of 1st period - Icing by Steve Downie.
1:47 of 1st period - Manny Malhotra wins face-off versus Chris VandeVelde in RedWings zone.
2:01 of 1st period - Slapshot by Manny Malhotra.
2:01 of 1st period - Stopped by Ben Scrivens with a rebound.
2:03 of 1st period - Snap shot by Manny Malhotra.
2:03 of 1st period - Stopped by Ben Scrivens with a rebound.
2:05 of 1st period - Wrist shot by Manny Malhotra.
2:05 of 1st period - Stopped by Ben Scrivens with a rebound.
2:41 of 1st period - Cory Conacher is hit by Ryan White and loses puck.
2:46 of 1st period - Snap shot by Ryan White.
2:46 of 1st period - Shot Misses the Net.
2:48 of 1st period - Snap shot by TJ Galiardi.
2:48 of 1st period - Stopped by Tom McCollum without a rebound.
2:49 of 1st period - Casey Cizikas wins face-off versus Devante Smith-Pelly in Stars zone.
2:57 of 1st period - Icing by Devante Smith-Pelly.
2:58 of 1st period - Casey Cizikas wins face-off versus Ryan White in RedWings zone.
3:09 of 1st period - Snap shot by Casey Cizikas.
3:09 of 1st period - Shot Blocked by Devante Smith-Pelly.
3:53 of 1st period - Wrist shot by Mike Santorelli.
3:53 of 1st period - Stopped by Tom McCollum with a rebound.
4:04 of 1st period - Mark Letestu is hit by Mike Richards and loses puck.
4:37 of 1st period - Wrist shot by Andrew Shaw.
4:37 of 1st period - Shot Misses the Net.
4:39 of 1st period - Slapshot by Matt Taormina.
4:39 of 1st period - Shot Misses the Net.
4:41 of 1st period - Slapshot by Matt Taormina.
4:41 of 1st period - Stopped by Tom McCollum with a rebound.
4:43 of 1st period - Wrist shot by Matt Taormina.
4:43 of 1st period - Shot Misses the Net.
4:55 of 1st period - Snap shot by Olli Jokinen.
4:55 of 1st period - Shot Blocked by Aaron Johnson.
5:08 of 1st period - Icing by Daniel Paille.
5:09 of 1st period - Chris VandeVelde wins face-off versus Alexander Wennberg in Stars zone.
5:21 of 1st period - Icing by Alexander Wennberg.
5:22 of 1st period - Alexander Wennberg wins face-off versus Chris VandeVelde in Stars zone.
6:07 of 1st period - Patrik Nemeth is hit by Ryan White and loses puck.
6:20 of 1st period - Snap shot by Ryan White.
6:20 of 1st period - Stopped by Tom McCollum without a rebound.
6:21 of 1st period - Andrew Shaw wins face-off versus Devin Setoguchi in Stars zone.
6:22 of 1st period - Slapshot by Aaron Ekblad.
6:22 of 1st period - Shot Misses the Net.
6:24 of 1st period - Snap shot by Eric Gryba.
6:24 of 1st period - Stopped by Tom McCollum with a rebound.
6:40 of 1st period - Slapshot by Andrew Shaw.
6:40 of 1st period - Goal by Andrew Shaw - RedWings : 1 - Stars : 0.
6:41 of 1st period - Mark Letestu wins face-off versus Devin Setoguchi in neutral zone.
6:57 of 1st period - Minor Penalty to Mike Richards for Roughing.
6:58 of 1st period - Olli Jokinen wins face-off versus Erik Haula in Stars zone.
7:50 of 1st period - Aaron Ekblad is hit by Jamie Oleksiak and loses puck.
8:57 of 1st period - Penalty to Mike Richards is over, Mike Richards is back on ice.
9:19 of 1st period - Slapshot by Jamie McGinn.
9:19 of 1st period - Shot Misses the Net.
9:38 of 1st period - Alex Petrovic is hit by Steve Downie and loses puck.
9:59 of 1st period - TJ Galiardi is hit by Matt Tennyson.
10:17 of 1st period - Slapshot by Ryan White.
10:17 of 1st period - Shot Blocked by John Moore.
10:19 of 1st period - Wrist shot by Ryan White.
10:19 of 1st period - Stopped by Tom McCollum with a rebound.
10:21 of 1st period - Slapshot by Paul Postma.
10:21 of 1st period - Stopped by Tom McCollum with a rebound.
10:23 of 1st period - Slapshot by Eric Gryba.
10:23 of 1st period - Goal by Eric Gryba - RedWings : 2 - Stars : 0.
10:24 of 1st period - Olli Jokinen wins face-off versus Manny Malhotra in neutral zone.
10:32 of 1st period - Minor Penalty to Mike Richards for Tripping.
10:33 of 1st period - Olli Jokinen wins face-off versus Erik Haula in Stars zone.
10:37 of 1st period - Slapshot by Aaron Ekblad.
10:37 of 1st period - Goal by Aaron Ekblad - RedWings : 3 - Stars : 0.
10:38 of 1st period - Mike Richards wins face-off versus Olli Jokinen in neutral zone.
10:47 of 1st period - Slapshot by Jonathan Drouin.
10:47 of 1st period - Shot Blocked by Eric Gryba.
10:49 of 1st period - Slapshot by John Moore.
10:49 of 1st period - Shot Misses the Net.
10:51 of 1st period - Slapshot by John Moore.
10:51 of 1st period - Shot Blocked by Andrew Shaw.
10:53 of 1st period - Snap shot by John Moore.
10:53 of 1st period - Deflect By Jonathan Drouin.
10:53 of 1st period - Stars goal is going for a video replay.
10:53 of 1st period - The goal is good.
10:53 of 1st period - Goal by Jonathan Drouin - RedWings : 3 - Stars : 1.
10:54 of 1st period - Alexander Wennberg wins face-off versus Olli Jokinen in neutral zone.
11:09 of 1st period - Wrist shot by Andrew Shaw.
11:09 of 1st period - Stopped by Tom McCollum with a rebound.
11:11 of 1st period - Wrist shot by Olli Jokinen.
11:11 of 1st period - Goal by Olli Jokinen - RedWings : 4 - Stars : 1.
11:11 of 1st period - Justin Peters enters game.
11:12 of 1st period - Mark Letestu wins face-off versus Devin Setoguchi in neutral zone.
11:22 of 1st period - Mike Richards is hit by Eric Gryba and loses puck.
12:06 of 1st period - Minor Penalty to Andrew Shaw for Diving.
12:07 of 1st period - Olli Jokinen wins face-off versus Erik Haula in RedWings zone.
12:55 of 1st period - Slapshot by Alex Petrovic.
12:55 of 1st period - Deflect By Brett Ritchie.
12:55 of 1st period - Shot Blocked by Paul Postma.
12:55 of 1st period - Puck is out of play.
12:56 of 1st period - Olli Jokinen wins face-off versus Brett Ritchie in RedWings zone.
13:05 of 1st period - Slapshot by John Moore.
13:05 of 1st period - Goal by John Moore - RedWings : 4 - Stars : 2.
13:06 of 1st period - Casey Cizikas wins face-off versus Mark Letestu in neutral zone.
13:09 of 1st period - Snap shot by Erik Haula.
13:09 of 1st period - Stopped by Ben Scrivens with a rebound.
13:48 of 1st period - Minor Penalty to Jamie Oleksiak for Interference.
13:49 of 1st period - Erik Haula wins face-off versus Olli Jokinen in Stars zone.
14:10 of 1st period - Wrist shot by Joe Colborne.
14:10 of 1st period - Shot Blocked by Erik Haula.
14:12 of 1st period - Backhand shot by Joe Colborne.
14:12 of 1st period - Goal by Joe Colborne - RedWings : 5 - Stars : 2.
14:13 of 1st period - Alexander Wennberg wins face-off versus Olli Jokinen in neutral zone.
15:04 of 1st period - Slapshot by Mike Richards.
15:04 of 1st period - Stopped by Ben Scrivens without a rebound.
15:05 of 1st period - Mark Letestu wins face-off versus Devin Setoguchi in RedWings zone.
15:18 of 1st period - Wrist shot by Brett Ritchie.
15:18 of 1st period - Stopped by Ben Scrivens with a rebound.
15:58 of 1st period - Eric Gryba is hit by Casey Cizikas and loses puck.
16:03 of 1st period - Snap shot by Alexandre Burrows.
16:03 of 1st period - Shot Misses the Net.
16:05 of 1st period - Slapshot by Alexandre Burrows.
16:05 of 1st period - Stopped by Ben Scrivens with a rebound.
16:13 of 1st period - Snap shot by Erik Haula.
16:13 of 1st period - Stopped by Ben Scrivens with a rebound.
16:15 of 1st period - Slapshot by Casey Cizikas.
16:15 of 1st period - Stopped by Ben Scrivens with a rebound.
16:17 of 1st period - Slapshot by John Moore.
16:17 of 1st period - Shot Misses the Net.
16:59 of 1st period - Slapshot by Devante Smith-Pelly.
16:59 of 1st period - Goal by Devante Smith-Pelly - RedWings : 6 - Stars : 2.
17:00 of 1st period - Mike Richards wins face-off versus Olli Jokinen in neutral zone.
17:17 of 1st period - Slapshot by Joe Colborne.
17:17 of 1st period - Stopped by Justin Peters with a rebound.
17:19 of 1st period - Wrist shot by Olli Jokinen.
17:19 of 1st period - Shot Misses the Net.
17:21 of 1st period - Wrist shot by Andrew Shaw.
17:21 of 1st period - Shot Blocked by Alex Petrovic.
17:23 of 1st period - Wrist shot by Joe Colborne.
17:23 of 1st period - Deflect By Andrew Shaw.
17:23 of 1st period - Shot Blocked by Alex Petrovic.
17:23 of 1st period - Puck is out of play.
17:24 of 1st period - Mark Letestu wins face-off versus Alexander Wennberg in Stars zone.
17:41 of 1st period - Wrist shot by Daniel Paille.
17:41 of 1st period - Shot Misses the Net.
17:43 of 1st period - Snap shot by Daniel Paille.
17:43 of 1st period - Shot Misses the Net.
17:45 of 1st period - Slapshot by Ryan Wilson.
17:45 of 1st period - Stopped by Ben Scrivens without a rebound.
17:46 of 1st period - Andrew Shaw wins face-off versus Devin Setoguchi in RedWings zone.
18:19 of 1st period - Snap shot by Joe Colborne.
18:19 of 1st period - Shot Blocked by Jamie Oleksiak.
18:42 of 1st period - Minor Penalty to Matt Tennyson for Boarding.
18:43 of 1st period - Mark Letestu wins face-off versus Erik Haula in Stars zone.
18:58 of 1st period - Slapshot by Aaron Ekblad.
18:58 of 1st period - Shot Misses the Net.
19:00 of 1st period - Wrist shot by Mark Letestu.
19:00 of 1st period - Goal by Mark Letestu - RedWings : 7 - Stars : 2.
19:01 of 1st period - Alexander Wennberg wins face-off versus Olli Jokinen in neutral zone.
19:04 of 1st period - Wrist shot by Matt Tennyson.
19:04 of 1st period - Shot Blocked by Olli Jokinen.
19:12 of 1st period - Wrist shot by Andrew Shaw.
19:12 of 1st period - Shot Misses the Net.
19:14 of 1st period - Wrist shot by Eric Gryba.
19:14 of 1st period - Shot Blocked by Daniel Paille.
19:16 of 1st period - Backhand shot by Eric Gryba.
19:16 of 1st period - Stopped by Justin Peters without a rebound.
19:17 of 1st period - Olli Jokinen wins face-off versus Daniel Paille in Stars zone.
Goals for this period are 7 for RedWings vs 2 for Stars.
Shots for this period are 21 for RedWings vs 12 for Stars.

2nd period


0:01 of 2nd period - Olli Jokinen wins face-off versus Devin Setoguchi in neutral zone.
0:14 of 2nd period - Olli Jokinen is hit by Brett Ritchie and loses puck.
1:34 of 2nd period - Steve Downie is hit by Alexander Wennberg.
1:40 of 2nd period - Chris VandeVelde is hit by Cory Conacher and loses puck.
1:57 of 2nd period - Backhand shot by Cory Conacher.
1:57 of 2nd period - Stopped by Ben Scrivens with a rebound.
1:59 of 2nd period - Wrist shot by Daniel Paille.
1:59 of 2nd period - Deflect By Alexander Wennberg.
1:59 of 2nd period - Goal by Alexander Wennberg - RedWings : 7 - Stars : 3.
2:00 of 2nd period - Ryan White wins face-off versus Devin Setoguchi in neutral zone.
2:19 of 2nd period - Snap shot by Ryan White.
2:19 of 2nd period - Shot Misses the Net.
2:21 of 2nd period - Slapshot by Eric Gryba.
2:21 of 2nd period - Deflect By Mike Richards.
2:21 of 2nd period - Stopped by Justin Peters with a rebound.
2:23 of 2nd period - Slapshot by Devante Smith-Pelly.
2:23 of 2nd period - Shot Misses the Net.
2:25 of 2nd period - Backhand shot by Devante Smith-Pelly.
2:25 of 2nd period - Shot Misses the Net.
2:27 of 2nd period - Snap shot by Devante Smith-Pelly.
2:27 of 2nd period - Shot Misses the Net.
2:33 of 2nd period - Slapshot by Aaron Ekblad.
2:33 of 2nd period - Deflect By Devante Smith-Pelly.
2:33 of 2nd period - Shot Misses the Net.
2:33 of 2nd period - Puck is out of play.
2:34 of 2nd period - Casey Cizikas wins face-off versus Andrew Shaw in Stars zone.
2:36 of 2nd period - Icing by Alexandre Burrows.
2:37 of 2nd period - Casey Cizikas wins face-off versus Olli Jokinen in Stars zone.
2:42 of 2nd period - Wrist shot by Alexandre Burrows.
2:42 of 2nd period - Stopped by Ben Scrivens with a rebound.
3:30 of 2nd period - Daniel Paille is hit by Bryan Bickell and loses puck.
3:37 of 2nd period - Slapshot by Bryan Bickell.
3:37 of 2nd period - Stopped by Justin Peters with a rebound.
3:39 of 2nd period - Wrist shot by Mike Santorelli.
3:39 of 2nd period - Goal by Mike Santorelli - RedWings : 8 - Stars : 3.
3:39 of 2nd period - Tom McCollum enters game.
3:40 of 2nd period - Devin Setoguchi wins face-off versus Mark Letestu in neutral zone.
3:57 of 2nd period - Slapshot by Devin Setoguchi.
3:57 of 2nd period - Stopped by Ben Scrivens with a rebound.
3:59 of 2nd period - Slapshot by John Moore.
3:59 of 2nd period - Stopped by Ben Scrivens with a rebound.
4:01 of 2nd period - Slapshot by Devin Setoguchi.
4:01 of 2nd period - Deflect By Mike Santorelli.
4:01 of 2nd period - Shot Misses the Net.
4:01 of 2nd period - Puck is out of play.
4:02 of 2nd period - Alexander Wennberg wins face-off versus Olli Jokinen in RedWings zone.
4:09 of 2nd period - Snap shot by Cory Conacher.
4:09 of 2nd period - Shot Blocked by Joe Colborne.
4:11 of 2nd period - Minor Penalty to Derek Forbort for Hooking.
4:12 of 2nd period - Olli Jokinen wins face-off versus Brett Ritchie in RedWings zone.
4:23 of 2nd period - Snap shot by Casey Cizikas.
4:23 of 2nd period - Shot Misses the Net.
4:25 of 2nd period - Snap shot by Casey Cizikas.
4:25 of 2nd period - Deflect By Brett Ritchie.
4:25 of 2nd period - Shot Blocked by Aaron Ekblad.
4:25 of 2nd period - Puck is out of play.
4:26 of 2nd period - Olli Jokinen wins face-off versus Brett Ritchie in RedWings zone.
4:35 of 2nd period - Snap shot by John Moore.
4:35 of 2nd period - Shot Blocked by Andrew Shaw.
4:41 of 2nd period - Snap shot by Devin Setoguchi.
4:41 of 2nd period - Shot Misses the Net.
5:57 of 2nd period - Slapshot by Joe Colborne.
5:57 of 2nd period - Shot Misses the Net.
5:59 of 2nd period - Snap shot by Mark Letestu.
5:59 of 2nd period - Stopped by Tom McCollum with a rebound.
6:01 of 2nd period - Snap shot by Mark Letestu.
6:01 of 2nd period - Deflect By Joe Colborne.
6:01 of 2nd period - Shot Blocked by Casey Cizikas.
6:01 of 2nd period - Puck is out of play.
6:02 of 2nd period - Mark Letestu wins face-off versus Brett Ritchie in Stars zone.
6:11 of 2nd period - Penalty to Derek Forbort is over, Derek Forbort is back on ice.
6:35 of 2nd period - Snap shot by Jonathan Drouin.
6:35 of 2nd period - Stopped by Ben Scrivens with a rebound.
7:17 of 2nd period - Snap shot by Chris VandeVelde.
7:17 of 2nd period - Stopped by Tom McCollum with a rebound.
7:48 of 2nd period - Minor Penalty to Derek Forbort for Roughing.
7:49 of 2nd period - Brett Ritchie wins face-off versus Olli Jokinen in RedWings zone.
7:49 of 2nd period - Snap shot by Devin Setoguchi.
7:49 of 2nd period - Shot Blocked by Eric Gryba.
8:21 of 2nd period - John Moore is hit by Eric Gryba and loses puck.
8:58 of 2nd period - Olli Jokinen is hit by Brett Ritchie and loses puck.
9:13 of 2nd period - Wrist shot by Erik Haula.
9:13 of 2nd period - Shot Blocked by Eric Gryba.
9:41 of 2nd period - Snap shot by Devin Setoguchi.
9:41 of 2nd period - Shot Blocked by Eric Gryba.
9:43 of 2nd period - Slapshot by Alex Petrovic.
9:43 of 2nd period - Stopped by Ben Scrivens with a rebound.
9:48 of 2nd period - Penalty to Derek Forbort is over, Derek Forbort is back on ice.
10:24 of 2nd period - Minor Penalty to Mark Letestu for Hooking.
10:25 of 2nd period - Brett Ritchie wins face-off versus Steve Downie in RedWings zone.
10:55 of 2nd period - Icing by Jamie Oleksiak.
10:56 of 2nd period - Erik Haula wins face-off versus Steve Downie in Stars zone.
11:17 of 2nd period - Minor Penalty to Alex Petrovic for Tripping.
11:18 of 2nd period - Jamie McGinn wins face-off versus Brett Ritchie in Stars zone.
12:24 of 2nd period - Penalty to Mark Letestu is over, Mark Letestu is back on ice.
13:04 of 2nd period - Eric Gryba is hit by Casey Cizikas and loses puck.
13:17 of 2nd period - Penalty to Alex Petrovic is over, Alex Petrovic is back on ice.
13:21 of 2nd period - Aaron Ekblad is hit by Cory Conacher and loses puck.
13:33 of 2nd period - Ryan Wilson is hit by Andrew Shaw.
13:39 of 2nd period - Joe Colborne is hit by Alexander Wennberg and loses puck.
13:46 of 2nd period - Cory Conacher is hit by Olli Jokinen and loses puck.
13:47 of 2nd period - Cory Conacher from Stars is injured at 13:47 of 2nd period (Strained Left Knee).
13:48 of 2nd period - Olli Jokinen wins face-off versus Devin Setoguchi in Stars zone.
13:51 of 2nd period - Snap shot by Andrew Shaw.
13:51 of 2nd period - Shot Blocked by Devin Setoguchi.
14:11 of 2nd period - Snap shot by Devin Setoguchi.
14:11 of 2nd period - Shot Misses the Net.
14:13 of 2nd period - Wrist shot by Devin Setoguchi.
14:13 of 2nd period - Goal by Devin Setoguchi - RedWings : 8 - Stars : 4.
14:14 of 2nd period - Mark Letestu wins face-off versus Alexander Wennberg in neutral zone.
14:39 of 2nd period - Slapshot by Alexander Wennberg.
14:39 of 2nd period - Shot Misses the Net.
14:41 of 2nd period - Slapshot by Alexander Wennberg.
14:41 of 2nd period - Shot Misses the Net.
14:47 of 2nd period - Snap shot by John Moore.
14:47 of 2nd period - Shot Misses the Net.
14:49 of 2nd period - Wrist shot by Daniel Paille.
14:49 of 2nd period - Deflect By Alexander Wennberg.
14:49 of 2nd period - Shot Misses the Net.
14:49 of 2nd period - Puck is out of play.
14:50 of 2nd period - Devin Setoguchi wins face-off versus Olli Jokinen in RedWings zone.
14:57 of 2nd period - Wrist shot by Devin Setoguchi.
14:57 of 2nd period - Shot Misses the Net.
14:59 of 2nd period - Snap shot by Mike Richards.
14:59 of 2nd period - Shot Blocked by Paul Postma.
15:01 of 2nd period - Slapshot by Alex Petrovic.
15:01 of 2nd period - Deflect By Brett Ritchie.
15:01 of 2nd period - Stopped by Ben Scrivens with a rebound.
15:03 of 2nd period - Slapshot by Matt Tennyson.
15:03 of 2nd period - Shot Blocked by Olli Jokinen.
15:05 of 2nd period - Slapshot by Devin Setoguchi.
15:05 of 2nd period - Stopped by Ben Scrivens with a rebound.
15:07 of 2nd period - Slapshot by Alex Petrovic.
15:07 of 2nd period - Shot Misses the Net.
15:15 of 2nd period - Slapshot by Devin Setoguchi.
15:15 of 2nd period - Shot Blocked by Paul Postma.
15:56 of 2nd period - Slapshot by John Moore.
15:56 of 2nd period - Deflect By Casey Cizikas.
15:56 of 2nd period - Stopped by Ben Scrivens without a rebound.
15:57 of 2nd period - Casey Cizikas wins face-off versus Mark Letestu in RedWings zone.
16:45 of 2nd period - Backhand shot by Ryan White.
16:45 of 2nd period - Shot Misses the Net.
16:59 of 2nd period - Wrist shot by Ryan White.
16:59 of 2nd period - Stopped by Tom McCollum with a rebound.
17:01 of 2nd period - Slapshot by Matt Taormina.
17:01 of 2nd period - Stopped by Tom McCollum without a rebound.
17:02 of 2nd period - Mike Richards wins face-off versus Joe Colborne in Stars zone.
17:02 of 2nd period - Mike Richards is hit by Joe Colborne.
17:18 of 2nd period - Snap shot by Mike Richards.
17:18 of 2nd period - Stopped by Ben Scrivens with a rebound.
17:32 of 2nd period - Slapshot by Mike Richards.
17:32 of 2nd period - Stopped by Ben Scrivens without a rebound.
17:33 of 2nd period - Chris VandeVelde wins face-off versus Brett Ritchie in RedWings zone.
17:50 of 2nd period - Snap shot by Mike Richards.
17:50 of 2nd period - Goal by Mike Richards - RedWings : 8 - Stars : 5.
17:51 of 2nd period - Alexander Wennberg wins face-off versus Olli Jokinen in neutral zone.
17:56 of 2nd period - Slapshot by John Moore.
17:56 of 2nd period - Deflect By Alexander Wennberg.
17:56 of 2nd period - Shot Misses the Net.
17:56 of 2nd period - Puck is out of play.
17:57 of 2nd period - Alexander Wennberg wins face-off versus Olli Jokinen in RedWings zone.
Goals for this period are 1 for RedWings vs 3 for Stars.
Shots for this period are 7 for RedWings vs 14 for Stars.

3rd period


0:01 of 3rd period - Mark Letestu wins face-off versus Mike Richards in neutral zone.
0:16 of 3rd period - Snap shot by Mike Santorelli.
0:16 of 3rd period - Stopped by Tom McCollum with a rebound.
0:18 of 3rd period - Wrist shot by Aaron Ekblad.
0:18 of 3rd period - Shot Misses the Net.
0:20 of 3rd period - Slapshot by Aaron Ekblad.
0:20 of 3rd period - Goal by Aaron Ekblad - RedWings : 9 - Stars : 5.
0:21 of 3rd period - Devin Setoguchi wins face-off versus Mark Letestu in neutral zone.
0:26 of 3rd period - Mark Letestu is hit by Devin Setoguchi and loses puck.
0:32 of 3rd period - Off-side.
0:33 of 3rd period - Mark Letestu wins face-off versus Devin Setoguchi in neutral zone.
0:42 of 3rd period - Snap shot by Mike Santorelli.
0:42 of 3rd period - Shot Blocked by Brett Ritchie.
1:27 of 3rd period - Joe Colborne is hit by Brett Ritchie and loses puck.
1:36 of 3rd period - Slapshot by Aaron Ekblad.
1:36 of 3rd period - Shot Blocked by Jamie Oleksiak.
1:38 of 3rd period - Snap shot by Olli Jokinen.
1:38 of 3rd period - Stopped by Tom McCollum with a rebound.
1:40 of 3rd period - Snap shot by Andrew Shaw.
1:40 of 3rd period - Stopped by Tom McCollum without a rebound.
1:41 of 3rd period - Chris VandeVelde wins face-off versus Alexandre Burrows in Stars zone.
2:15 of 3rd period - Double Minor Penalty to Alex Petrovic for Roughing.
2:16 of 3rd period - Olli Jokinen wins face-off versus Erik Haula in Stars zone.
2:46 of 3rd period - Wrist shot by Joe Colborne.
2:46 of 3rd period - Shot Blocked by Ryan Wilson.
3:06 of 3rd period - Erik Haula is hit by Bryan Bickell and loses puck.
3:47 of 3rd period - Olli Jokinen is hit by Daniel Paille and loses puck.
3:56 of 3rd period - Wrist shot by Andrew Shaw.
3:56 of 3rd period - Shot Blocked by Jamie Oleksiak.
4:26 of 3rd period - Jamie Oleksiak is hit by Paul Postma and loses puck.
4:33 of 3rd period - Snap shot by Aaron Ekblad.
4:33 of 3rd period - Shot Blocked by Casey Cizikas.
4:35 of 3rd period - Wrist shot by Joe Colborne.
4:35 of 3rd period - Stopped by Tom McCollum with a rebound.
4:37 of 3rd period - Wrist shot by Andrew Shaw.
4:37 of 3rd period - Goal by Andrew Shaw - RedWings : 10 - Stars : 5.
4:38 of 3rd period - Chris VandeVelde wins face-off versus Mike Richards in neutral zone.
4:41 of 3rd period - Manny Malhotra is hit by Steve Downie and loses puck.
4:51 of 3rd period - Steve Downie beats up Alex Petrovic.
4:51 of 3rd period - Penalty to Alex Petrovic for Fighting.
4:51 of 3rd period - Penalty to Steve Downie for Fighting.
4:52 of 3rd period - Mark Letestu wins face-off versus Daniel Paille in Stars zone.
5:04 of 3rd period - Icing by Daniel Paille.
5:05 of 3rd period - Alexander Wennberg wins face-off versus Mark Letestu in Stars zone.
5:05 of 3rd period - Alexander Wennberg is hit by Eric Gryba.
5:10 of 3rd period - Off-side.
5:11 of 3rd period - Mark Letestu wins face-off versus Alexander Wennberg in neutral zone.
5:26 of 3rd period - Slapshot by Aaron Ekblad.
5:26 of 3rd period - Deflect By Erik Haula.
5:26 of 3rd period - Stopped by Tom McCollum without a rebound.
5:27 of 3rd period - Olli Jokinen wins face-off versus Devin Setoguchi in Stars zone.
5:45 of 3rd period - Mike Richards beats up Mark Pysyk.
5:45 of 3rd period - Penalty to Mike Richards for Fighting.
5:45 of 3rd period - Penalty to Mark Pysyk for Fighting.
5:46 of 3rd period - Olli Jokinen wins face-off versus Devin Setoguchi in Stars zone.
6:33 of 3rd period - Snap shot by Casey Cizikas.
6:33 of 3rd period - Stopped by Ben Scrivens without a rebound.
6:34 of 3rd period - Andrew Shaw wins face-off versus Alexander Wennberg in RedWings zone.
7:19 of 3rd period - Snap shot by Jonathan Drouin.
7:19 of 3rd period - Shot Misses the Net.
7:21 of 3rd period - Slapshot by Ryan Wilson.
7:21 of 3rd period - Stopped by Ben Scrivens with a rebound.
7:23 of 3rd period - Slapshot by Patrik Nemeth.
7:23 of 3rd period - Stopped by Ben Scrivens without a rebound.
7:24 of 3rd period - Ryan White wins face-off versus Erik Haula in RedWings zone.
8:10 of 3rd period - Devin Setoguchi is hit by Derek Forbort and loses puck.
8:49 of 3rd period - Backhand shot by Mike Santorelli.
8:49 of 3rd period - Stopped by Tom McCollum with a rebound.
9:06 of 3rd period - Minor Penalty to John Moore for Holding.
9:07 of 3rd period - Olli Jokinen wins face-off versus Erik Haula in Stars zone.
9:07 of 3rd period - Snap shot by Andrew Shaw.
9:07 of 3rd period - Stopped by Tom McCollum with a rebound.
9:09 of 3rd period - Wrist shot by Andrew Shaw.
9:09 of 3rd period - Shot Misses the Net.
9:17 of 3rd period - Slapshot by Aaron Ekblad.
9:17 of 3rd period - Deflect By Andrew Shaw.
9:17 of 3rd period - Stopped by Tom McCollum without a rebound.
9:18 of 3rd period - Erik Haula wins face-off versus Olli Jokinen in Stars zone.
9:27 of 3rd period - Snap shot by Aaron Ekblad.
9:27 of 3rd period - Shot Blocked by Jamie Oleksiak.
9:29 of 3rd period - Slapshot by Eric Gryba.
9:29 of 3rd period - Goal by Eric Gryba - RedWings : 11 - Stars : 5.
9:30 of 3rd period - Mark Letestu wins face-off versus Alexander Wennberg in neutral zone.
9:42 of 3rd period - Aaron Ekblad is hit by Daniel Paille and loses puck.
9:49 of 3rd period - Slapshot by Alexander Wennberg.
9:49 of 3rd period - Stopped by Ben Scrivens with a rebound.
9:51 of 3rd period - Snap shot by Alexander Wennberg.
9:51 of 3rd period - Stopped by Ben Scrivens with a rebound.
9:53 of 3rd period - Slapshot by Patrik Nemeth.
9:53 of 3rd period - Stopped by Ben Scrivens with a rebound.
9:57 of 3rd period - Wrist shot by Alexander Wennberg.
9:57 of 3rd period - Shot Misses the Net.
11:03 of 3rd period - Wrist shot by Devante Smith-Pelly.
11:03 of 3rd period - Stopped by Tom McCollum without a rebound.
11:04 of 3rd period - Ryan White wins face-off versus Devin Setoguchi in Stars zone.
11:49 of 3rd period - Daniel Paille is hit by Mark Pysyk.
11:55 of 3rd period - Wrist shot by Andrew Shaw.
11:55 of 3rd period - Deflect By Olli Jokinen.
11:55 of 3rd period - Stopped by Tom McCollum with a rebound.
11:57 of 3rd period - Snap shot by Andrew Shaw.
11:57 of 3rd period - Shot Blocked by Jamie Oleksiak.
11:59 of 3rd period - Slapshot by Eric Gryba.
11:59 of 3rd period - Shot Blocked by Alexander Wennberg.
12:13 of 3rd period - Aaron Ekblad is hit by Aaron Johnson.
12:33 of 3rd period - Aaron Ekblad is hit by Jamie Oleksiak and loses puck.
12:40 of 3rd period - Daniel Paille is hit by Mark Letestu and loses puck.
13:10 of 3rd period - Matt Taormina is hit by Mike Richards and loses puck.
13:37 of 3rd period - Manny Malhotra is hit by Jamie McGinn and loses puck.
13:57 of 3rd period - Alex Petrovic is hit by Derek Forbort and loses puck.
13:58 of 3rd period - Alex Petrovic from Stars is injured at 13:58 of 3rd period (Sprained Left Knee).
13:59 of 3rd period - Olli Jokinen wins face-off versus Devin Setoguchi in Stars zone.
14:13 of 3rd period - Eric Gryba beats up John Moore.
14:13 of 3rd period - Penalty to John Moore for Fighting.
14:13 of 3rd period - Penalty to Eric Gryba for Fighting.
14:13 of 3rd period - Penalty to Eric Gryba for instigated a fight.
14:13 of 3rd period - Penalty to Eric Gryba for instigated a fight.
14:14 of 3rd period - Olli Jokinen wins face-off versus Brett Ritchie in Stars zone.
14:21 of 3rd period - Slapshot by Devin Setoguchi.
14:21 of 3rd period - Goal by Devin Setoguchi - RedWings : 11 - Stars : 6.
14:22 of 3rd period - Olli Jokinen wins face-off versus Devin Setoguchi in neutral zone.
14:47 of 3rd period - Snap shot by Joe Colborne.
14:47 of 3rd period - Stopped by Tom McCollum with a rebound.
15:15 of 3rd period - Ryan Wilson is hit by Bryan Bickell and loses puck.
15:26 of 3rd period - Erik Haula is hit by Aaron Ekblad.
15:30 of 3rd period - Slapshot by Bryan Bickell.
15:30 of 3rd period - Shot Blocked by Erik Haula.
15:59 of 3rd period - Backhand shot by Daniel Paille.
15:59 of 3rd period - Deflect By Jamie McGinn.
15:59 of 3rd period - Stopped by Ben Scrivens without a rebound.
16:00 of 3rd period - Alexander Wennberg wins face-off versus Chris VandeVelde in RedWings zone.
16:14 of 3rd period - Alexander Wennberg is hit by Aaron Ekblad and loses puck.
16:19 of 3rd period - Slapshot by Aaron Ekblad.
16:19 of 3rd period - Stopped by Tom McCollum with a rebound.
17:06 of 3rd period - Mike Richards is hit by Ryan White and loses puck.
18:00 of 3rd period - Aaron Ekblad is hit by Erik Haula and loses puck.
19:10 of 3rd period - Matt Taormina is hit by Casey Cizikas and loses puck.
19:15 of 3rd period - Wrist shot by Alexandre Burrows.
19:15 of 3rd period - Shot Misses the Net.
19:17 of 3rd period - Snap shot by Erik Haula.
19:17 of 3rd period - Shot Misses the Net.
19:19 of 3rd period - Backhand shot by Jamie Oleksiak.
19:19 of 3rd period - Stopped by Ben Scrivens without a rebound.
19:20 of 3rd period - Casey Cizikas wins face-off versus Mark Letestu in RedWings zone.
19:38 of 3rd period - Mark Letestu is hit by Devin Setoguchi and loses puck.
19:43 of 3rd period - Snap shot by Brett Ritchie.
19:43 of 3rd period - Shot Misses the Net.
Goals for this period are 3 for RedWings vs 1 for Stars.
Shots for this period are 15 for RedWings vs 9 for Stars.